cohdb
Replays
Latest Replays
All Replays
Popular Replays
Top Player Replays
Match Explorer
How It Works
Community
CoH3 Stats
Reddit
Sign in to upload your games and track your stats! →
Sign in with Steam
Match 41126933
Unlisted
Match 41126933
Overview
Messages
Build Orders
End
Construct Infanterie Kompanie
Selects Breakthrough Battlegroup
Grenadier Squad
Grenadier Squad
GrW 34 Mortar Team
Grenadier Squad
Infanterie Officer Quarters
Grenadier Squad
Construct Panzergrenadier Kompanie
Selects Assault Grenadiers
Panzergrenadier Squad
Selects Smoke Bombing Run
Pak 40 Anti-tank Gun Team
Selects Mechanized Assault Group
Mechanized Assault Group
Pak 40 Anti-tank Gun Team
Support Elements
Medical Bunker
StuG III G Assault Gun
Selects Rapid Production
StuG III G Assault Gun
Selects Blitzkrieg
Nebelwerfer 42 Rocket Launcher Team
StuG III G Assault Gun
Mechanized Assault Group
Selects Tiger Heavy Tank
Panzergrenadier Squad
Tiger Heavy Tank
Panzergrenadier Squad
Panzergrenadier Officer Quarters
Nebelwerfer 42 Rocket Launcher Team
Tiger Heavy Tank
Smoke Bombing Run
PayPerPaper
精锐悍匪梅蓝天
I NOOB I OUT
精锐呱呱蛙
Bean
JimmyRespawn
호롤롤루
LeaveANegativeComment
0
0
Comments
sign in to comment!
No comments posted yet!